 Dungeon Crawl Stone Soup version 0.28.0 (webtiles) character file.

Game seed: 5851359408039309280

480 browni3141 the Chopper (level 6, -2/84 HPs)
             Began as a Minotaur Berserker on Feb 16, 2022.
             Was a Priest of Trog.
             Slain by a gnoll (8 damage)
             ... on level 4 of the Dungeon.
             The game lasted 00:01:46 (3626 turns).

browni3141 the Chopper (Minotaur Berserker)         Turns: 3626, Time: 00:01:47

Health: -2/84      AC:  5    Str: 24    XL:     6   Next: 86%
Magic:  5/5        EV: 12    Int:  4    God:    Trog [***...]
Gold:   55         SH:  0    Dex:  9    Spells: 5/5 levels left

rFire   . . .      SeeInvis .   a - +0 hand axe
rCold   . . .      Faith    +   (no shield)
rNeg    . . .      Spirit   .   b - +0 animal skin
rPois   .          Reflect  .   (helmet restricted)
rElec   .          Harm     .   (no cloak)
rCorr   .          Rampage  .   l - +1 pair of gloves
Will    .....                   j - +0 pair of boots
Stlth   ..........              i - amulet of faith
HPRegen 0.24/turn               (no ring)
MPRegen 0.09/turn               (no ring)

@: berserking, very quick
A: horns 2, retaliatory headbutt
a: Renounce Religion, Berserk, Trog's Hand


You were on level 4 of the Dungeon.
You worshipped Trog.
Trog was most pleased with you.
You visited 1 branch of the dungeon, and saw 4 of its levels.

You collected 94 gold pieces.
You spent 39 gold pieces at shops.

Inventory:

Hand Weapons
 a - a +0 hand axe (weapon)
Armour
 b - a +0 animal skin (worn)
 g - a +0 pair of gloves
 j - a +0 pair of boots (worn)
 l - a +1 pair of gloves (worn)
Jewellery
 i - an amulet of faith (around neck)
 r - a ring of protection from cold
Wands
 o - a wand of flame (19)
 p - a wand of polymorph (4)
Scrolls
 e - a scroll of teleportation {unknown}
 f - a scroll of enchant armour {unknown}
 n - a scroll of identify {unknown}
 q - a scroll of amnesia {unknown}
 s - a scroll of holy word {unknown}
 u - a scroll of vulnerability {unknown}
Potions
 c - a potion of ambrosia {unknown}
 d - 3 potions of brilliance {unknown}
 h - a potion of berserk rage {unknown}
 k - 2 potions of might {unknown}
 m - 2 potions of haste {unknown}
 t - a potion of cancellation {unknown}
 v - a potion of curing


   Skills:
 + Level 5.5 Fighting
 * Level 7.1 Axes
 + Level 4.9 Armour
 - Level 2.1 Dodging


You had 5 spell levels left.
You didn't know any spells.
Your spell library was empty.

Dungeon Overview and Level Annotations

Branches:
Dungeon (4/15)
 Temple: D:4-7

Altars:
Wu Jian

Shops:
D:4 !


Innate Abilities, Weirdness & Mutations

You have a pair of horns on your head.
You reflexively headbutt those who attack you in melee.


Message History

The gnoll shouts!
You hear a shout!
A gnoll comes into view. It is wielding a +1 vorpal spear.
The gnoll hits you from afar with a +0 halberd.
A gnoll shaman comes into view. It is wielding a +0 whip.
The gnoll hits you with a +0 halberd!
* * * LOW HITPOINT WARNING * * *
You hit the gnoll.
You headbutt the gnoll, but do no damage.
The gnoll is moderately wounded.
You hit the ball python but do no damage.
The ball python bites you.
* * * LOW HITPOINT WARNING * * *
The ball python misses you.
Unknown command.
A red film seems to cover your vision as you go berserk!
You feel yourself moving faster!
You feel mighty!
A gnoll comes into view. It is wielding a +0 club.
The ball python barely misses you. You furiously retaliate!
You headbutt the ball python!
You kill the ball python!
Trog accepts your kill. The gnoll hits you with a +0 club.
* * * LOW HITPOINT WARNING * * *
The gnoll hits you with a +0 halberd!
* * * LOW HITPOINT WARNING * * *
You are too injured to fight recklessly!
You are too injured to fight recklessly!
You feel a strong urge to attack something.
The gnoll shouts!
You closely miss the gnoll.
The gnoll is moderately wounded.
You hit the gnoll. You completely miss the gnoll. The gnoll misses you.
The gnoll closely misses you.
You slash the gnoll!
The gnoll is almost dead.
You barely miss the gnoll. You closely miss the gnoll.
The gnoll hits you with a +0 club.
* * * LOW HITPOINT WARNING * * *
The gnoll hits you with a +0 halberd!
You die...

... .... ... .... #..
..... . #..## ..... . ..
#...# ...... . #..#
#...###....#. ## #..##
#....#g$.g... .##
#...###...g@.g...#. ..##
#..........g.......
...##..##.............#.
......##................
#....###..)...........#.
####.###.)))........#...
#......)...........##
##....##.......#....
#...##..####.....##


You could see a gnoll shaman and 4 gnolls.

Vanquished Creatures
  A scorpion (D:3)
  A water moccasin skeleton (D:4)
  A bullfrog skeleton (D:4)
  A hound (D:3)
  Jessica (D:3)
  A centaur skeleton (D:4)
  An orc wizard (D:4)
  A hound skeleton (D:4)
  7 gnolls (D:3)
  6 adders
  An ufetubus (D:3)
  An adder skeleton (D:4)
  A worm (D:2)
  4 dart slugs
  11 orcs
  7 ball pythons
  6 endoplasms
  3 giant cockroaches
  4 goblins
  7 hobgoblins
  4 kobolds
  3 quokkas
  10 bats
  11 rats
94 creatures vanquished.

Notes
Turn   | Place    | Note
-------+----------+-------------------------------------------
     0 | D:1      | browni3141 the Minotaur Berserker began the quest for the
                  | Orb.
     0 | D:1      | Reached XP level 1. HP: 19/19 MP: 0/0
   141 | D:1      | Reached skill level 4 in Axes
   148 | D:1      | Found a faded altar of an unknown god.
   162 | D:1      | Reached XP level 2. HP: 27/27 MP: 1/1
   559 | D:1      | Reached XP level 3. HP: 33/33 MP: 2/2
   635 | D:1      | Reached ** piety under Trog
  1635 | D:2      | Reached XP level 4. HP: 40/40 MP: 3/3
  1644 | D:2      | Reached skill level 5 in Axes
  2195 | D:3      | Reached XP level 5. HP: 12/47 MP: 4/4
  2253 | D:3      | Found an ornate altar of the Wu Jian Council.
  2558 | D:3      | Reached *** piety under Trog
  2573 | D:3      | Noticed Jessica
  2580 | D:3      | Killed Jessica
  2630 | D:3      | Reached skill level 6 in Axes
  2631 | D:3      | Reached skill level 5 in Fighting
  2720 | D:3      | Reached XP level 6. HP: 56/56 MP: 5/5
  3192 | D:4      | Found Cicha's Distillery.
  3200 | D:4      | Bought a potion of curing for 39 gold pieces
  3554 | D:4      | Reached skill level 7 in Axes
  3626 | D:4      | Slain by a gnoll

Illustrated notes

Levels and vault maps discovered:
D:1:      amcnicky_arrival_single_pillar, layout_loops_cross,
          shapermc_ecumenical_altar_acropolis, st_stairs_5
D:2:      layout_loops_ring, minmay_pentomino_q4
D:3:      layout_loops_ring, nicolae_wu_jian_wuxing_cycle, uniq_jessica
D:4:      layout_layer_cave, lemuel_mausoleum_altar_yredelemnul, serial_shops,
          shop, glass_columns_c, chequers_jeans, chequers_serial_rivers_micro_d

Skill      XL: |  1  2  3  4  5  6 |
---------------+-------------------+-----
Axes           | 4 5 6 7 |  7.1
Fighting       | 4 5 |  5.5
Armour         | 3 4 |  4.9
Dodging        | |  2.1

Action                   |  1- 3 |  4- 6 || total
-------------------------+-------+-------++-------
Melee: Hand axe          |    83 |   120 ||   203
       Headbutt          |    13 |    17 ||    30
       Punch             |     1 |       ||     1
Invok: Berserk           |       |     4 ||     4
Armor: Animal skin       |    19 |    48 ||    67
Dodge: Dodged            |    54 |    75 ||   129
